 Dungeon Crawl Stone Soup version 0.25.0-1-g7eea58d2a3 (webtiles) character file.

Game seed: 15065194743262811649

20 Descartes the Charmwright (level 3, -1/28 HPs)
             Began as a Formicid Skald on June 14, 2020.
             Slain by an adder (2 damage)
             ... on level 2 of the Dungeon.
             The game lasted 00:02:08 (820 turns).

Descartes the Charmwright (Formicid Skald)           Turns: 820, Time: 00:02:09

Health: -1/28      AC:  6    Str: 16    XL:     3   Next: 0%
Magic:  6/6        EV:  9    Int: 12    God:
Gold:   19         SH:  0    Dex: 10    Spells: 5/6 levels left

rFire    . . .     SeeInvis +   a - +0 hand axe
rCold    . . .     Gourm    .   (no shield)
rNeg     . . .     Faith    .   j - +0 scale mail
rPois    .         Spirit   .   (helmet unavailable)
rElec    .         Reflect  .   (no cloak)
rCorr    .         Harm     .   (no gloves)
MR       .....                  (no boots)
Stlth    ..........             (no amulet)
HPRegen  0.09/turn              (no ring)
MPRegen  0.10/turn              (no ring)

@: lethally poisoned (-1 -> -7)
A: permanent stasis, dig shafts and tunnels, four strong arms, antennae 3
a: Dig, Shaft Self


You were on level 2 of the Dungeon.
You were not hungry.

You visited 1 branch of the dungeon, and saw 2 of its levels.

You collected 19 gold pieces.

Inventory:

Hand Weapons
 a - a +0 hand axe (weapon)
Missiles
 c - 2 stones (quivered)
 l - 2 curare-tipped darts
 n - 11 poisoned darts
Armour
 b - a +0 leather armour
 e - a +0 ring mail
 j - a +0 scale mail (worn)
Scrolls
 g - 3 scrolls of identify {unknown}
 h - a scroll of immolation {unknown}
 i - a scroll of remove curse {unknown}
 k - a scroll of fog {unknown}
Potions
 m - a potion of cancellation {unknown}
Comestibles
 d - 2 rations
 f - a chunk of flesh


   Skills:
 + Level 2.4 Fighting
 + Level 2.1 Axes
 * Level 2.0 Armour
 - Level 1.7 Dodging
 + Level 2.4 Spellcasting
 + Level 3.1 Charms


You had 5 spell levels left.
You knew the following spells:

 Your Spells              Type           Power        Failure   Level  Hunger
a - Infusion              Chrm           #...         26%         1    ##.....

Your spell library contained the following spells:

 Spells                   Type           Power        Failure   Level  Hunger
 Song of Slaying          Chrm           #.......     36%         2    ###....
 Shroud of Golubria       Chrm/Tloc      #.....       58%         2    ###....
 Ozocubu's Armour         Chrm/Ice       #.......     83%         3    ####...
 Spectral Weapon          Hex/Chrm       #.......     83%         3    ####...


Dungeon Overview and Level Annotations

Branches:
Dungeon (2/15)

Altars:
Makhleb


Innate Abilities, Weirdness & Mutations

You cannot be hasted, slowed, berserked, paralysed or teleported.
You can dig through walls and to a lower floor.
Your four strong arms can wield two-handed weapons with a shield.
You have a pair of large antennae on your head. (SInv)


Message History

You barely miss the adder.
The adder is lightly wounded.
The adder closely misses you.
You hit the adder.
The adder is heavily wounded.
The adder closely misses you. The adder bites you but does no damage.
You barely miss the adder.
The adder is heavily wounded.
The adder barely misses you.
You hit the adder.
The adder is severely wounded.
The adder barely misses you. The adder bites you.
* * * LOW HITPOINT WARNING * * *
You are lethally poisoned!
The adder poisons you!
You closely miss the adder.
The adder is severely wounded.
* * * LOW HITPOINT WARNING * * *
You feel sick. The adder bites you.
You die...

#. ###.###
#........###
#.......... ##
#......... ..
........####.###
.......bS@...>#
#...##g####.##
#._?#..#
#...#.## #.g.g.#
#..#### ####.##
##.....##
##.......##


You could see an adder, a goblin and a bat.

Vanquished Creatures
  2 leopard geckos
  3 bats (D:1)
  2 goblins (D:1)
  3 jackals (D:1)
  2 frilled lizards (D:1)
  2 kobolds (D:1)
  4 rats
18 creatures vanquished.

Notes
Turn   | Place    | Note
-------+----------+-------------------------------------------
     0 | D:1      | Descartes the Formicid Skald began the quest for the Orb.
     0 | D:1      | Reached XP level 1. HP: 16/16 MP: 3/3
   209 | D:1      | Reached XP level 2. HP: 22/22 MP: 5/5
   783 | D:2      | Found a burning altar of Makhleb.
   815 | D:2      | Reached XP level 3. HP: 4/28 MP: 6/6
   820 | D:2      | HP: 1/28 [poisoned by an adder]
   820 | D:2      | Slain by an adder

Illustrated notes

Levels and vault maps discovered:
D:1:      nicolae_arrival_memento_mori, layout_basic, minmay_ruptured
D:2:      layout_rooms, bloody_makhleb, uniq_jessica, uniq_crazy_yiuf_cottage

Skill      XL: |  1  2 |
---------------+-------+-----
Armour         | 2 |  2.0
Fighting       | |  2.4
Axes           | |  2.1
Dodging        | |  1.7
Spellcasting   | |  2.4
Charms         | |  3.1

Action                   || total
-------------------------++-------
Melee: Hand axe          ||    67
Armor: Leather armour    ||     9
       Scale mail        ||    36
       Ring mail         ||     1
Dodge: Dodged            ||    52
